 Dungeon Crawl Stone Soup version 0.30-a0-800-g7c544603b3 (webtiles) character file.

Game seed: 11287226475229407513

93 NinjaNoafa the Poker (level 4, -2/41 HPs)
             Began as a Hill Orc Fighter on Feb 22, 2023.
             Killed from afar by Sigmund (10 damage)
             ... with a puff of flame
             ... on level 2 of the Dungeon.
             The game lasted 00:07:31 (795 turns).

NinjaNoafa the Poker (Hill Orc Fighter)              Turns: 795, Time: 00:07:32

Health: -2/41      AC:  8    Str: 20    XL:     4   Next: 62%
Magic:  4/4        EV:  9    Int:  8    God:
Gold:   44         SH:  4    Dex: 10    Spells: 3/3 levels left

rFire   . . .      SeeInvis .    a - +0 trident
rCold   . . .      Faith    .    c - +0 buckler
rNeg    . . .      Spirit   .    b - +0 scale mail
rPois   .          Reflect  .    (no helmet)
rElec   .          Harm     .    (no cloak)
rCorr   .          Rampage  .    (no gloves)
Will    .....                    h - +0 pair of boots Stlth
                                 (no amulet)
HPRegen 0.26/turn                (no ring)
MPRegen 0.09/turn                (no ring)

@: hasted, very quick
A: no striking features
a: no special abilities


You were on level 2 of the Dungeon.
You visited 1 branch of the dungeon, and saw 2 of its levels.

You collected 44 gold pieces.

Inventory:

Hand Weapons
 a - a +0 trident (weapon)
Missiles
 e - 2 poisoned darts (quivered)
Armour
 b - a +0 scale mail (worn)
 c - a +0 buckler (worn)
 g - a +0 cloak
 h - a +0 pair of boots (worn)
Scrolls
 d - a scroll of brand weapon {unknown}
 f - a scroll of torment {unknown}
 i - a scroll of amnesia {unknown}
Potions
 k - a potion of flight {unknown}


   Skills:
 - Level 4.4 Fighting
 + Level 4.6 Polearms
 - Level 3.2 Armour
 - Level 3.2 Shields


You had 3 spell levels left.
You didn't know any spells.
Your spell library contained the following spells:

 Spells                   Type           Power      Damage    Failure   Level
 Summon Small Mammal      Summ           0%         N/A       85%         1
 Call Canine Familiar     Summ           0%         N/A       99%         3
 Portal Projectile        Hex/Tloc       0%         N/A       99%         3
 Summon Guardian Golem    Hex/Summ       0%         N/A       99%         3
 Leda's Liquefaction      Hex/Erth       0%         N/A       100%        4


Dungeon Overview and Level Annotations

Branches:
Dungeon (2/15)

Altars:

Annotations:
D:2 Sigmund


Message History

There are no items here.
You bump into the rock wall.
The kobold throws a stone.
The stone hits you but does no damage.
There are no items here.
You see here a +0 cloak.
You bump into the rock wall.
You feel less confused.
The kobold throws a stone.
You block the stone.
You see here a +0 cloak.
g - a +0 cloak Something hits you!
Reach: a) +0 trident
Press: ? - help, Dir - move target You reach to attack!
You closely miss something.
The kobold throws a stone.
The stone barely misses you. Something hits you but does no damage.
Reach: a) +0 trident
Press: ? - help, Dir - move target, f - you That would be overly suicidal.
Okay, then.
Unknown command.
Unknown command.
You swing at nothing.
The kobold throws a stone.
The stone hits you but does no damage. Something hits you.
* * * LOW HITPOINT WARNING * * *
Reach: a) +0 trident
Press: ? - help, Dir - move target You reach to attack!
You closely miss something.
The kobold throws a stone.
The stone barely misses you.
Reach: a) +0 trident
Press: ? - help, Dir - move target You reach to attack!
You barely miss something.
You hear some strange, mumbled words.
A puff of flame appears from out of thin air!
The puff of flame hits you!
* * * LOW HITPOINT WARNING * * *
It was a potion of haste.
You feel yourself speed up.
You hear some strange, mumbled words.
A puff of flame appears from out of thin air!
The puff of flame hits you!
You die...

...................
.#.................
##................
#....._..........
##...)....#......
#........##.....
##{.....<.# .....
##.K...##.## .....
####@..#####...
...). #.......#
####......
#.......# ..###
#$......# #..
#########


You could see a kobold.

Vanquished Creatures
  6 adders
  A dart slug (D:1)
  A worm (D:2)
  2 endoplasms (D:1)
  2 giant cockroaches (D:1)
  4 goblins (D:1)
  3 hobgoblins (D:1)
  2 ball pythons (D:1)
  5 bats (D:1)
  6 frilled lizards (D:1)
  3 kobolds
  3 rats (D:1)
38 creatures vanquished.

Notes
Turn   | Place    | Note
-------+----------+-------------------------------------------
     0 | D:1      | NinjaNoafa the Hill Orc Fighter began the quest for the
                  | Orb.
     0 | D:1      | Reached XP level 1. HP: 19/19 MP: 1/1
    92 | D:1      | Reached XP level 2. HP: 26/26 MP: 2/2
   515 | D:1      | Reached XP level 3. HP: 27/31 MP: 3/3
   708 | D:2      | Found a faded altar of an unknown god.
   727 | D:1      | Reached XP level 4. HP: 29/41 MP: 4/4
   771 | D:2      | Noticed Sigmund
   795 | D:2      | Killed from afar by Sigmund

Illustrated notes

Levels and vault maps discovered:
D:1:      minmay_arrival_three_doors, layout_basic
D:2:      layout_rooms, basic_ecumenical_altar, uniq_sigmund

Skill      XL: |  1  2  3 |
---------------+----------+-----
Polearms       | 3 4 |  4.6
Fighting       | 4 |  4.4
Armour         | |  3.2
Shields        | |  3.2

Action                     |  1- 3 |  4- 6 || total
---------------------------+-------+-------++-------
  Melee: Trident           |   128 |    26 ||   154
    Use: Potion            |     2 |     1 ||     3
 Armour: Scale mail        |    96 |    20 ||   116
  Dodge: Dodged            |    97 |    31 ||   128
  Block: Buckler           |    35 |     9 ||    44

Table legend: (Time is in decaauts)
 A = Elapsed time spent in this place.
 B = Non-inter-level travel time spent in this place.
 C = Inter-level travel time spent in this place.
 D = Time resting spent in this place.
 E = Time spent auto-exploring this place.
 F = Levels seen in this place.
 G = Mean time per level.
                   A        B        C        D        E       F      G
               +--------+--------+--------+--------+--------+-----+--------+
         Total |    820 |    718 |    102 |      0 |     87 |   2 |  410.0 |
       Dungeon |    820 |    718 |    102 |      0 |     87 |   2 |  410.0 |
               +--------+--------+--------+--------+--------+-----+--------+

Top non-repeatable levels by time:
     D:1: 706 daAuts
     D:2: 114 daAuts
